 Dungeon Crawl Stone Soup version 0.24.0-123-gd5b16e6ec5 (webtiles) character file.

Game seed: 11618617400966982698, levelgen mode: deterministic

133 Delamore the Chopper (level 5, -1/45 HPs)
             Began as a Hill Orc Fighter on Dec 28, 2019.
             Succumbed to Sigmund's poison
             ... on level 2 of the Dungeon.
             The game lasted 00:01:43 (1751 turns).

Delamore the Chopper (Hill Orc Fighter)             Turns: 1751, Time: 00:01:43

Health: -1/45      AC:  5    Str: 20    XL:     5   Next: 16%
Magic:  5/5        EV:  8    Int:  8    God:
Gold:   110        SH:  0    Dex: 10    Spells: 4/4 levels left

rFire    . . .     SeeInvis .   g - +0 hand axe (freeze)
rCold    . . .     Gourm    .   c - +0 shield
rNeg     . . .     Faith    .   e - +0 ring mail (curse)
rPois    .         Spirit   .   (no helmet)
rElec    .         Reflect  .   (no cloak)
rCorr    .         Harm     .   (no gloves)
MR       .....                  (no boots)
Stlth    ..........             (no amulet)
HPRegen  0.15/turn              (no ring)
MPRegen  0.09/turn              (no ring)

@: confused, lethally poisoned (-1 -> -15)
A: no striking features
a: no special abilities


You were on level 2 of the Dungeon.
You were near starving.

You visited 1 branch of the dungeon, and saw 2 of its levels.

You collected 110 gold pieces.

Inventory:

Hand Weapons
 a - a +0 war axe
 g - a +0 hand axe of freezing (weapon)
Armour
 b - a +0 scale mail
 c - a +0 shield (worn)
 e - a cursed +0 ring mail (worn)
Scrolls
 h - 2 scrolls of teleportation {unknown}
 i - a scroll of identify {unknown}
 n - a scroll of fear {unknown}
 o - a scroll of blinking {unknown}
 p - 2 scrolls of remove curse {unknown}
 q - a scroll of enchant weapon {unknown}
Potions
 d - 2 potions of might
 j - 3 potions of curing
 k - a potion of berserk rage
 l - a potion of agility {unknown}
 m - 2 potions of lignification {unknown}
 r - a potion of invisibility {unknown}
Comestibles
 f - 5 rations


   Skills:
 - Level 3.6 Fighting
 + Level 6.9 Axes
 - Level 3.2 Armour
 - Level 3.2 Shields


You had 4 spell levels left.
You didn't know any spells.
Your spell library was empty.

Dungeon Overview and Level Annotations

Branches:
Dungeon (2/15)

Altars:

Annotations:
D:2 Sigmund


Message History

The adder bites you but does no damage.
You hit Sigmund. You freeze Sigmund.
Sigmund is lightly wounded.
You closely miss the adder.
You feel sick. The adder barely misses you.
Sigmund gestures at you while chanting.
You are more confused.
Unknown command.
You feel sick. The adder completely misses you.
Sigmund hits you from afar with a +2 scythe of venom!
* * * LOW HITPOINT WARNING * * *
* * * LOW HITPOINT WARNING * * *
You feel sick.
* * * LOW HITPOINT WARNING * * *
You feel sick. The adder barely misses you.
* * * LOW HITPOINT WARNING * * *
You feel sick. Sigmund hits you but does no damage.
You are more poisoned.
The adder bites you but does no damage.
You bump into the rock wall.
You die...

#....#.......# #.
#....#.......# #. ##'###
......# #. #.# . #####. .
#.# .. #..... .. #.# ...
#..... ... #.# ....
#.....
....######.#.......#.....
........@..............<.
......).S.........######'
..#...†@..........######.
#..%.........#.........
#............#.........
#......................
........................
#......##................
#...... ######...........


You could see Sigmund and an adder.

Vanquished Creatures
  A jelly (D:2)
  An adder (D:2)
  9 oozes (D:2)
  A worm (D:2)
  A dart slug (D:1)
  2 leopard geckos
  A bat (D:2)
  A giant cockroach (D:2)
  7 goblins
  4 hobgoblins
  2 quokkas (D:2)
  4 frilled lizards
  13 kobolds
  3 rats
50 creatures vanquished.

Vanquished Creatures (others)
  12 toadstools (D:2)
12 creatures vanquished.

Grand Total: 62 creatures vanquished

Notes
Turn   | Place    | Note
-------+----------+-------------------------------------------
     0 | D:1      | Delamore the Hill Orc Fighter began the quest for the Orb.
     0 | D:1      | Reached XP level 1. HP: 19/19 MP: 1/1
   259 | D:1      | Reached skill level 3 in Axes
   320 | D:1      | Reached XP level 2. HP: 26/26 MP: 2/2
   507 | D:1      | Reached skill level 4 in Axes
  1060 | D:2      | Reached XP level 3. HP: 25/31 MP: 3/3
  1287 | D:2      | Reached skill level 5 in Axes
  1340 | D:2      | Reached XP level 4. HP: 11/39 MP: 4/4
  1353 | D:2      | Reached skill level 6 in Axes
  1365 | D:2      | Reached XP level 5. HP: 16/45 MP: 5/5
  1734 | D:2      | Noticed Sigmund
  1749 | D:2      | HP: 2/45 [poisoned by Sigmund]
  1751 | D:2      | Succumbed to Sigmund's poison

Levels and vault maps discovered:
D:1:      dpeg_arrival_water_fire, layout_basic
D:2:      cheibrodos_fertilizer, layout_basic, uniq_sigmund

Skill      XL: |  1  2  3  4 |
---------------+-------------+-----
Axes           | 3 4 5 6 |  6.9
Fighting       | |  3.6
Armour         | |  3.2
Shields        | |  3.2

Action                   |  1- 3 |  4- 6 || total
-------------------------+-------+-------++-------
Melee: Hand axe          |   112 |    38 ||   150
  Use: Potion            |       |     2 ||     2
  Eat: Chunk             |     1 |       ||     1
Armor: Ring mail         |    45 |    12 ||    57
Dodge: Dodged            |    31 |    16 ||    47
Block: Shield            |    50 |    12 ||    62
